 Dungeon Crawl Stone Soup version 0.28.0-53-g5a82cb258f (webtiles) character file.

Game seed: 967950964396744336

6174 KamiKatze the Thaumaturge (level 10, -3/54 HPs)
             Began as a Deep Elf Conjurer on July 13, 2022.
             Was an Elder of Vehumet.
             Engulfed by a cloud of flame (15 damage)
             ... on level 8 of the Dungeon.
             The game lasted 00:51:47 (7986 turns).

KamiKatze the Thaumaturge (Deep Elf Conjurer)       Turns: 7986, Time: 00:51:48

Health: -3/54      AC: 11    Str:  4    XL:     10   Next: 60%
Magic:  12/26      EV: 13    Int: 28    God:    Vehumet [****..]
Gold:   558        SH:  5    Dex: 13    Spells: 9/29 levels left

rFire   . . .      SeeInvis +   b - +1 short sword (flame)
rCold   . . .      Faith    .   u - +0 buckler
rNeg    . . .      Spirit   .   n - +2 robe {Will+}
rPois   .          Reflect  .   w - +2 helmet
rElec   .          Harm     .   h - +0 cloak
rCorr   .          Rampage  .   (no gloves)
Will    ++...                   i - +2 pair of boots
Stlth   ++........              (no amulet)
HPRegen 0.18/turn               I - ring of see invisible
MPRegen 0.20/turn               (no ring)

@: mighty, hasted, very quick
A: no striking features
a: Renounce Religion


You were on level 8 of the Dungeon.
You worshipped Vehumet.
Vehumet was greatly pleased with you.
You visited 2 branches of the dungeon, and saw 9 of its levels.
You also visited: Sewer and Ossuary.

You collected 558 gold pieces.

Inventory:

Hand Weapons
 a - a +3 dagger of venom
 b - a +1 short sword of flaming (weapon)
 v - a +1 vorpal dagger
 x - a +1 whip of freezing
Missiles
 d - 17 poisoned darts (quivered)
 e - 83 stones
 C - 2 throwing nets
 F - 5 atropa-tipped darts
Armour
 h - a +0 cloak (worn)
 i - a +2 pair of boots (worn)
 n - a +2 robe of willpower (worn)
 p - a +0 leather armour
 u - a +0 buckler (worn)
 w - a +2 helmet (worn)
 B - the +2 ring mail "Laorut" {rPois rF+}
   (You took it off a gnoll on level 5 of the Dungeon)

   rF:        It protects you from fire.
   rPois:     It protects you from poison.
Magical Staves
 A - a staff of poison
 D - a staff of death
Jewellery
 s - a ring of fire
 I - a ring of see invisible (left hand)
Wands
 t - a wand of charming (10)
 y - a wand of polymorph (6)
 H - a wand of acid (8)
Scrolls
 j - a scroll of enchant weapon
 z - a scroll of holy word
Potions
 c - 2 potions of mutation
 f - 2 potions of attraction
 g - a potion of flight {unknown}
 l - a potion of berserk rage {unknown}
 o - a potion of brilliance
 q - 4 potions of curing
 r - 2 potions of might
 E - a potion of haste


   Skills:
 + Level 2.5 Fighting
 - Level 4.0 Dodging
 - Level 4.0 Stealth
 * Level 3.8 Shields
 * Level 10.2 Spellcasting
 * Level 9.1 Conjurations
 * Level 8.9 Hexes
 * Level 7.4 Translocations
 * Level 1.5 Earth Magic
 * Level 2.1 Poison Magic


You had 9 spell levels left.
You knew the following spells:

 Your Spells              Type           Power      Damage    Failure   Level
a - Magic Dart            Conj           100%       1d8       1%          1
b - Searing Ray           Conj           100%       2d8       1%          2
c - Fulminant Prism       Conj/Hex       30%        3d16      1%          4
d - Iskenderun's Mystic   Conj/Tloc      57%        2d12      1%          4
e - Olgreb's Toxic Radia  Pois           26%        N/A       5%          4
f - Lee's Rapid Deconstr  Erth           11%        3d9*      19%         5

Your spell library contained the following spells:

 Spells                   Type           Power      Damage    Failure   Level
 Ensorcelled Hibernation  Hex/Ice        78%        N/A       1%          2
 Dazzling Flash           Conj/Hex       100%       N/A       1%          3
 Gell's Gravitas          Tloc           54%        N/A       1%          3
 Lesser Beckoning         Tloc           54%        N/A       1%          3
 Teleport Other           Tloc           54%        N/A       1%          3
 Scorch                   Fire           28%        2d6       2%          2
 Flame Wave               Conj/Fire      39%        2d9       2%          4
 Pain                     Necr           56%        1d6       4%          1
 Passwall                 Tmut/Erth      15%        N/A       5%          2
 Swiftness                Air            14%        N/A       16%         3
 Agony                    Necr           14%        N/A       80%         5
 Excruciating Wounds      Necr           7%         N/A       80%         5
 Summon Cactus Giant      Summ           7%         N/A       100%        6


Dungeon Overview and Level Annotations

Branches:
Dungeon (8/15)             Temple (1/1) D:4           Sewer (visited)
Ossuary (visited)
   Lair: D:8-11

Altars:
Ashenzari
Cheibriados
Dithmenos
Elyvilon
Gozag
Hepliaklqana
Kikubaaqudgha
Makhleb
Nemelex Xobeh
Okawaru
Qazlal
Ru
Sif Muna
Trog
Uskayaw
Vehumet
Wu Jian
Xom
Yredelemnul
Zin
The Shining One

Shops:
D:2 (   D:7 (

Portals:
Abyss: D:6

Annotations:
D:6 2 transporters, DildoBatman's ghost, novice FoCj


Message History

Casting: Iskenderun's Mystic Blast (dangerous; 1% risk of failure)
Confirm with . or Enter, or press ? or * to list all spells.
Aiming: Fulminant Prism (safe; 1% risk of failure)
Press: ? - help, Dir - move target You conjure a prism of explosive energy!
A fulminant prism comes into view.
Your fulminant prism crackles loudly.
The efreet gestures at you.
The fireball explodes!
The fireball engulfs you!!
* * * LOW HITPOINT WARNING * * *
The tree burns like a torch!
Your fulminant prism explodes!
The blast of energy engulfs the two-headed ogre!!
The two-headed ogre is almost dead.
The blast of energy engulfs the efreet!!
You kill the efreet!
Vehumet accepts your kill.
You feel your power returning.
You hear an angry hiss.
The forest fire spreads!
The forest fire spreads!
Unknown command.
Casting: Fulminant Prism (safe; 1% risk of failure)
Confirm with . or Enter, or press ? or * to list all spells.
Aiming: Magic Dart (safe; 1% risk of failure)
Press: ? - help, Shift-Dir - straight line, f - two-headed ogre
Aim: a two-headed ogre, wielding a +0 giant spiked club and a +0 giant club (almost dead, 100% to hit)
The magic dart hits the two-headed ogre.
The two-headed ogre is almost dead.
The forest fire spreads!
Unknown command.
Okay, then.
You feel much better.
You are engulfed in blazing flames.
* * * LOW HITPOINT WARNING * * *
You are engulfed in blazing flames.
* * * LOW HITPOINT WARNING * * *
The forest fire spreads!
Unknown command.
You are engulfed in blazing flames.
You die...

. ♣♣..♣♣ ♣..♣ ♣.#.......
♣♣o.♣♣..♣ .♣#.###... ♣♣....♣ ♣
#...#... ♣♣..♣♣ #...#... ♣.♣♣
#...#... ###.###
#########...#...
♣♣.....♣♣♣♣§#.........#...
#♣♣♣♣.......§§§§#^........#...
#.......≈..O§@§§#.........#...
#♣♣♣♣......°§§§§#.........#...
♣♣.).).♣§♣♣♣#.........#...
#########°########.........####
#........○........#######......
#####.............# #.(....
#..○..........# #......
#(°...........# #......
#######○............# +......


You could see a two-headed ogre.

Vanquished Creatures
  A hydra (D:8)
  A two-headed ogre (D:8)
  Pikel (D:4)
  A manticore (D:8)
  An efreet (D:8)
  A hornet (D:7)
  A vampire (D:8)
  2 water moccasins
  An orc warrior (D:8)
  Pargi (Sewer)
  2 black bears (D:5)
  A sky beast (D:6)
  A hornet zombie (D:6)
  A necrophage (D:4)
  3 centaurs
  4 ogres
  2 kobold brigands (D:5)
  3 elf zombies (Ossuary)
  A gnoll sergeant (D:7)
  2 scorpions
  6 killer bees (D:8)
  4 wights (D:7)
  A howler monkey (D:7)
  3 centaur zombies
  2 jellies
  A bullfrog zombie (D:5)
  3 hounds
  A centaur skeleton (D:7)
  A human zombie (Ossuary)
  A bullfrog skeleton (D:4)
  Ijyb (D:5)
  A gnoll shaman (D:7)
  3 iguanas
  2 orc wizards (D:5)
  2 killer bee zombies (D:7)
  2 mummies (Ossuary)
  A hound skeleton (D:4)
  A howler monkey zombie (D:7)
  Robin (D:3)
  22 gnolls
  A howler monkey skeleton (D:4)
  8 adders
  A shadow imp (D:7)
  2 white imps
  An adder zombie (Ossuary)
  4 dart slugs
  A worm (D:3)
  5 orcs
  4 bats
  8 endoplasms
  3 giant cockroaches
  20 goblins
  7 hobgoblins
  8 jackals
  4 quokkas (D:3)
  9 ball pythons
  4 frilled lizards
  A goblin zombie (Ossuary)
  13 hobgoblin zombies (Ossuary)
  43 kobolds
  10 kobold zombies (Ossuary)
  6 orc zombies (Ossuary)
  10 rats
  A rat zombie (Ossuary)
264 creatures vanquished.

Vanquished Creatures (others)
  95 fulminant prisms
  8 plants (D:8)
103 creatures vanquished.

Grand Total: 367 creatures vanquished

Notes
Turn   | Place    | Note
-------+----------+-------------------------------------------
     0 | D:1      | KamiKatze the Deep Elf Conjurer began the quest for the
                  | Orb.
     0 | D:1      | Reached XP level 1. HP: 10/10 MP: 6/6
   317 | D:1      | Reached XP level 2. HP: 15/15 MP: 4/8
   320 | D:1      | Learned a level 2 spell: Searing Ray
   627 | D:1      | Reached XP level 3. HP: 19/19 MP: 7/10
   992 | D:2      | Reached skill level 4 in Spellcasting
  1088 | D:2      | Found Lecvoull's Antique Weapon Shoppe.
  1187 | D:2      | Reached skill level 5 in Conjurations
  1361 | D:3      | Reached XP level 4. HP: 24/24 MP: 2/12
  1380 | D:2      | Learned a level 4 spell: Fulminant Prism
  1385 | D:2      | Learned a level 4 spell: Iskenderun's Mystic Blast
  1435 | D:3      | Reached skill level 1 in Hexes
  1539 | D:3      | Reached skill level 1 in Translocations
  1741 | D:3      | Noticed Robin
  1916 | D:3      | Killed Robin
  1917 | D:3      | Reached XP level 5. HP: 25/28 MP: 4/13
  2077 | D:3      | Found a faded altar of an unknown god.
  2303 | D:4      | Found a staircase to the Ecumenical Temple.
  2317 | Temple   | Entered the Ecumenical Temple
  2440 | Temple   | Became a worshipper of Vehumet
  2613 | D:4      | Noticed a necrophage
  2627 | D:4      | Killed a necrophage
  2628 | D:4      | Reached XP level 6. HP: 32/32 MP: 5/15
  2693 | D:4      | Reached skill level 5 in Spellcasting
  2869 | D:4      | Found a shadowy altar of Dithmenos.
  3130 | D:5      | Entered Level 5 of the Dungeon
  3131 | D:5      | Noticed Pikel
  3153 | D:4      | Killed Pikel
  3154 | D:4      | Reached skill level 6 in Spellcasting
  3154 | D:4      | Reached XP level 7. HP: 25/36 MP: 15/18
  3311 | D:5      | Found a glowing drain.
  3324 | Sewer    | Entered a sewer
  3453 | Sewer    | Noticed Pargi
  3469 | Sewer    | Killed Pargi
  3500 | D:5      | Found a white marble altar of Elyvilon.
  3511 | D:5      | Reached skill level 7 in Spellcasting
  3511 | D:5      | Reached XP level 8. HP: 18/41 MP: 11/20
  3676 | D:5      | Noticed Ijyb
  3680 | D:5      | Reached skill level 5 in Hexes
  3684 | D:5      | Killed Ijyb
  3996 | D:5      | Reached * piety under Vehumet
  3996 | D:5      | Offered knowledge of Shock by Vehumet.
  4143 | D:5      | Found a sacrificial altar of Ru.
  4341 | D:5      | Reached skill level 5 in Translocations
  4483 | D:5      | Identified the +2 ring mail "Laorut" {rPois rF+}
  4729 | D:5      | Reached skill level 8 in Spellcasting
  4767 | D:5      | Offered knowledge of Sandblast by Vehumet.
  4810 | D:5      | Reached ** piety under Vehumet
  5332 | D:6      | Reached skill level 1 in Shields
  5382 | D:6      | Reached XP level 9. HP: 46/46 MP: 18/23
  5426 | D:6      | Found a transporter.
  5511 | D:6      | Found a transporter.
  5519 | D:6      | Noticed DildoBatman's ghost (novice FoCj)
  5532 | D:6      | Reached skill level 1 in Fighting
  5593 | D:6      | Offered knowledge of Conjure Flame by Vehumet.
  5824 | D:6      | Found a one-way gate to the infinite horrors of the Abyss.
  6083 | D:7      | Reached *** piety under Vehumet
  6116 | D:7      | Found Qiegradgh's Weapon Shop.
  6124 | D:7      | Reached skill level 9 in Spellcasting
  6601 | D:7      | Found a snail-covered altar of Cheibriados.
  6603 | D:7      | Found a hazy altar of Hepliaklqana.
  6992 | D:8      | Noticed a two-headed ogre
  7012 | D:8      | Killed a two-headed ogre
  7013 | D:8      | Reached XP level 10. HP: 53/53 MP: 18/25
  7025 | D:8      | Offered knowledge of Olgreb's Toxic Radiance by Vehumet.
  7047 | D:7      | Learned a level 4 spell: Olgreb's Toxic Radiance
  7154 | D:8      | Noticed an eight-headed hydra
  7182 | D:8      | Killed an eight-headed hydra
  7183 | D:8      | Reached skill level 1 in Poison Magic
  7266 | D:8      | Found a sand-covered staircase.
  7293 | Ossuary  | Entered an ossuary
  7512 | Ossuary  | Reached **** piety under Vehumet
  7531 | Ossuary  | Offered knowledge of Lee's Rapid Deconstruction by Vehumet.
  7532 | Ossuary  | Reached skill level 10 in Spellcasting
  7538 | Ossuary  | Learned a level 5 spell: Lee's Rapid Deconstruction
  7948 | D:8      | Noticed a manticore
  7950 | D:8      | Noticed a two-headed ogre
  7963 | D:8      | Killed a manticore
  7978 | D:8      | Reached skill level 1 in Earth Magic
  7986 | D:8      | Engulfed by a cloud of flame

Illustrated notes

Levels and vault maps discovered:
D:1:      dpeg_arrival_solitude, layout_basic, dk_noncrumbling_4
D:2:      layout_rooms, serial_shops, nicolae_shop_waterfront,
          minmay_hexomino_p4
D:3:      layout_rooms, ebering_ecumenical_altar_webs, uniq_robin
D:4:      layout_basic, nicolae_dithmenos_shadow_blocks, temple_pool_b
D:5:      minmay_goblin_kobold_castle, layout_loops_ring,
          cheibrodos_sewer_entry_drain, hangedman_feature_mirror, uniq_ijyb,
          uniq_pikel
D:6:      layout_rooms, gammafunk_ghost_abyssal_escape
D:7:      layout_loops_ring, chequers_temple_overflow_statue_of_worship,
          kennysheep_small_square
D:8:      nzn_winding_woodlands_cross [nzn_winding_woodlands_5x15_crooked,
          nzn_winding_woodlands_5x15_twine, nzn_winding_woodlands_5x15_garden,
          nzn_winding_woodlands_5x15_sawtooth,
          nzn_winding_woodlands_15x15_thick_spiral], layout_gridville,
          nicolae_ossuary_entry_false_entrances, minmay_misc_feat_room
Temple:   mainiacjoe_temple_coin_purse

Skill      XL: |  1  2  3  4  5  6  7  8  9 10 |
---------------+-------------------------------+-----
Dodging        | 3 4 |  4.0
Stealth        | 3 4 |  4.0
Spellcasting   | 4 6 7 8 9 10 | 10.2
Conjurations   | 5 6 7 8 9 |  9.1
Hexes          | 1 2 4 6 8 |  8.9
Translocations | 1 2 3 4 5 6 7 |  7.4
Shields        | 1 3 |  3.8
Fighting       | 2 |  2.5
Poison Magic   | 2 |  2.1
Earth Magic    | 1 |  1.5

Action                   |  1- 3 |  4- 6 |  7- 9 | 10-12 || total
-------------------------+-------+-------+-------+-------++-------
Melee: Dagger            |     9 |    16 |    27 |    13 ||    65
       Short sword       |       |     5 |       |    13 ||    18
       Punch             |       |     1 |     2 |       ||     3
       Staff             |       |       |    11 |       ||    11
 Cast: Magic Dart        |    67 |    70 |    70 |    43 ||   250
       Searing Ray       |     4 |    10 |    11 |     4 ||    29
       Fulminant Prism   |       |       |    63 |    32 ||    95
       Iskenderun's Myst |       |       |     7 |     7 ||    14
  Use: Scroll            |       |       |    15 |     3 ||    18
       Potion            |       |       |       |     7 ||     7
 Stab: Sleeping          |       |     1 |     2 |       ||     3
Armor: Robe              |     1 |    10 |    32 |    18 ||    61
Dodge: Dodged            |    13 |    15 |    49 |    25 ||   102
Block: Buckler           |       |       |     1 |    10 ||    11
